Map: Ruins of Seras

Players

puCK (Nina) - Winner!

  • Race: Protoss Protoss
  • League: Grandmaster

Light (SpeCial)

  • Race: Terran Terran
  • League: Master

VOD

Have the link to the VOD?

Description

Time

  • Played on: Dec. 4, 2015, 11:06 p.m.
  • Length: 21:44
Show
View Real Time Build Order
Export as new Build Order

puCK Protoss - Winner!

Build Orders: Nexus First, Blink Stalkers 

Get SALT Encoding   

  12  0:01  Probe (Chrono Boost)  
  13  0:11  Probe (Chrono Boost)  
  14  0:19  Pylon  
  14  0:23  Probe (Chrono Boost)  
  15  0:37  Probe (Chrono Boost)  
  16  0:48  Probe (Chrono Boost)  
  17  0:59  Nexus  
  17  1:02  Probe (Chrono Boost)  
  18  1:12  Gateway  
  18  1:15  Probe (Chrono Boost)  
  19  1:20  Assimilator  
  20  1:25  Probe (Chrono Boost)  
  20  1:29  Assimilator  
  20  1:36  Pylon  
  20  1:38  Probe (Chrono Boost)  
  21  1:48  Probe (Chrono Boost)  
  22  1:55  Gateway  
  22  1:59  Probe (Chrono Boost)  
  23  2:04  Cybernetics Core  
  23  2:09  Probe (Chrono Boost)  
  23  2:12  Probe (Chrono Boost)  
  25  2:18  Zealot  
  25  2:21  Probe (Chrono Boost)  
  27  2:25  Probe (Chrono Boost)  
  28  2:31  Probe (Chrono Boost)  
  28  2:35  Probe (Chrono Boost)  
  30  2:42  Mothership Core (Chrono Boost)  
  30  2:43  Warp Gate  
  32  2:49  Probe (Chrono Boost)  
  35  2:51  Adept  
  35  3:04  Probe (Chrono Boost)  
  36  3:09  Twilight Council  
  36  3:16  Probe (Chrono Boost)  
  36  3:17  Probe (Chrono Boost)  
  38  3:26  Probe (Chrono Boost)  
  39  3:27  Probe (Chrono Boost)  
  40  3:37  Probe (Chrono Boost)  
  40  3:38  Probe (Chrono Boost)  
  40  3:39  Pylon  
  42  3:47  Probe x2 (Chrono Boost)  
  44  3:51  Blink (Chrono Boost)  
  44  3:57  Probe  
  44  3:58  Stalker x2, Probe  
  44  4:01  Robotics Facility  
  50  4:07  Probe  
  51  4:11  Probe  
  51  4:15  Gateway  
  52  4:18  Probe, Gateway  
  54  4:24  Probe  
  54  4:26  Gateway  
  54  4:30  Assimilator x2  
  54  4:39  Pylon  
  54  4:54  Nexus  
  54  4:55  Pylon  
  54  4:57  Probe  
  54  4:58  Probe, Observer (Chrono Boost)  
  56  5:02  Stalker x2  
  61  5:10  Probe, Pylon  
  61  5:12  Probe  
  63  5:16  Stalker  
  63  5:19  Immortal (Chrono Boost)  
  69  5:26  Pylon  
  69  5:29  Pylon  
  69  5:31  Probe  
  69  5:32  Probe  
  71  5:38  Stalker x2  
  75  5:43  Charge (Chrono Boost)  
  75  5:48  Stalker, Warp Prism  
  79  5:58  Stalker  
  81  6:04  Stalker  
  81  6:08  Probe x3  
  86  6:20  Probe x3  
  89  6:26  Immortal  
  89  6:28  Forge  
  89  6:32  Probe  
  94  6:33  Probe x2  
  96  6:45  Probe  
  93  6:49  Probe  
  94  6:55  Probe  
  94  6:59  Protoss Ground Armor Level 1 (Chrono Boost)  
  94  7:00  Gateway  
  94  7:01  Gateway  
  95  7:04  Gateway, Immortal (Chrono Boost)  
  99  7:10  Zealot x3  
  99  7:11  Zealot x2  
  109  7:16  Photon Cannon  
  109  7:19  Photon Cannon  
  109  7:31  Pylon x2  
  109  7:33  Pylon  
  107  7:37  Pylon  
  107  7:40  Pylon  
  107  7:48  Templar Archives  
  107  7:50  Immortal (Chrono Boost), Pylon  
  107  7:51  Zealot x5  
  115  7:56  Pylon  
  121  8:04  Assimilator  
  121  8:09  Assimilator  
  121  8:12  Zealot x4  
  129  8:14  Zealot  
  129  8:15  Zealot x3  
  137  8:34  Nexus  
  137  8:37  Zealot x4  
  137  8:38  Zealot x3  
  105  8:52  Probe  
  105  8:53  Protoss Ground Armor Level 2 (Chrono Boost)  
  104  8:59  High Templar x4  
  104  9:00  High Templar x4  
  104  9:01  Psionic Storm  
  120  9:02  Pylon  
  120  9:05  Archon x3  
  120  9:06  Archon  
  120  9:15  Pylon  
  120  9:19  Immortal (Chrono Boost), Forge  
  124  9:29  Zealot x2  
  128  9:37  Zealot x5  
  132  9:38  High Templar  
  132  9:44  Probe x2  
  132  9:45  Probe  
  137  9:46  Probe  
  138  9:53  Immortal  
  138  9:54  High Templar  
  138  9:55  Zealot  
  138  9:56  Probe  
  138  9:59  High Templar  
  149  10:00  High Templar  
  149  10:04  Stalker x2  
  149  10:05  Archon  
  155  10:14  Protoss Ground Weapons Level 1 (Chrono Boost)  
  155  10:21  Zealot x3  
  157  10:25  Probe  
  157  10:27  Immortal  
  162  10:28  Zealot x3  
  162  10:30  Photon Cannon  
  172  10:44  Zealot x2  
  172  10:45  Zealot  
  178  10:50  Stalker x4  
  180  11:05  Stalker  
  180  11:06  Stalker x2  
  174  11:20  Stalker x5  
  184  11:31  Probe, Stargate  
  184  11:32  Stargate  
  185  11:33  Assimilator  
  185  11:34  Zealot x2, Stargate, Assimilator  
  185  11:35  Zealot  
  185  11:38  Protoss Ground Armor Level 3 (Chrono Boost)  
  191  11:56  High Templar x2  
  191  11:58  Protoss Ground Weapons Level 2 (Chrono Boost)  
  191  12:00  Nexus  
  195  12:07  Gateway  
  195  12:09  Gateway  
  195  12:12  Observer  
  185  12:19  Fleet Beacon  
  179  12:24  Zealot  
  179  12:25  Zealot x3  
  179  12:27  Zealot x2  
  177  12:57  Stalker  
  177  12:58  Stalker x3  
  173  13:02  Nexus  
  171  13:15  Tempest x3 (Chrono Boost)  
  183  13:33  Stalker  
  183  13:34  Stalker x2  
  185  13:38  Assimilator  
  185  13:40  Assimilator  
  185  13:42  High Templar  
  187  13:52  Dark Shrine  
  187  14:01  Pylon  
  187  14:03  Pylon  
  187  14:14  Tempest x3 (Chrono Boost)  
  192  14:30  Stalker x6  
  176  15:05  Tempest x2 (Chrono Boost)  
  184  15:12  Tempest (Chrono Boost)  
  188  15:14  Pylon  
  188  15:17  Pylon  
  188  15:20  Dark Templar  
  178  15:29  Archon  
  122  15:43  Tempest (Chrono Boost)  
  122  15:48  Dark Templar  
  128  15:54  Assimilator  
  128  15:55  Assimilator  
  126  16:04  Zealot x3  
  126  16:05  Zealot  
  134  16:17  Tempest (Chrono Boost)  
  138  16:22  Nexus  
  138  16:24  Pylon  
  138  16:32  Tempest (Chrono Boost)  
  139  16:37  Observer  
  136  16:50  Zealot x5  
  136  16:51  High Templar  
  148  16:58  Pylon  
  148  16:59  Stalker  
  150  17:14  High Templar x2  
  154  17:18  Stalker  
  154  17:24  Dark Templar  
  155  17:33  Zealot x3  
  155  17:34  High Templar  
  163  17:42  Pylon  
  159  17:46  Pylon  
  153  18:01  High Templar x2  
  153  18:02  Zealot x3  
  153  18:03  Zealot  
  165  18:08  Zealot  
  165  18:15  Stalker  
  155  18:49  High Templar x2  
  159  18:55  Zealot x2  
  159  18:56  Zealot x6  
  159  19:00  Assimilator  
  159  19:01  Assimilator  
  163  19:17  High Templar x2  
  163  19:20  Zealot x6  
  179  19:32  Pylon  
  171  19:52  Zealot  
  171  19:53  Zealot x4  
  171  19:57  Immortal  
  185  20:02  Tempest (Chrono Boost)  
  189  20:09  Zealot x3  
  189  20:10  Zealot  
  197  20:15  Dark Templar x2  
  188  20:21  High Templar x2  
  187  20:42  Zealot  
  189  20:43  Zealot x3  
  189  20:49  High Templar x2  
  181  20:53  Pylon  
  175  20:59  Tempest (Chrono Boost)  
  175  21:04  Zealot x5  
  183  21:08  Dark Templar  
  187  21:21  Observer  
  187  21:23  Zealot  
  187  21:24  Zealot x5  
  187  21:25  Zealot  
Show
View Real Time Build Order
Export as new Build Order

Light Terran 

Build Orders: Reaper Expand, MMM Bio 

Get SALT Encoding   

  12  0:01  SCV  
  13  0:13  SCV  
  14  0:18  Supply Depot  
  14  0:25  SCV  
  15  0:40  SCV  
  15  0:42  Barracks  
  16  0:46  Refinery  
  16  0:52  SCV  
  17  1:04  SCV  
  18  1:16  SCV  
  19  1:30  Reaper, Orbital Command  
  20  1:44  Command Center  
  20  1:56  SCV  
  20  1:57  Supply Depot  
  21  2:03  Barracks Reactor  
  21  2:08  SCV  
  22  2:20  SCV  
  23  2:25  Factory  
  23  2:32  SCV  
  24  2:39  Marine x2  
  26  2:44  SCV  
  27  2:53  Command Center  
  27  2:56  SCV  
  28  3:01  Marine x2  
  30  3:08  SCV, Orbital Command  
  30  3:12  Factory Tech Lab  
  31  3:20  SCV  
  31  3:22  Marine  
  31  3:23  Marine  
  34  3:30  Cyclone  
  34  3:32  SCV  
  38  3:37  SCV  
  39  3:42  Marine x2  
  39  3:44  SCV  
  42  3:49  SCV  
  42  3:54  Supply Depot  
  43  3:57  SCV  
  43  4:00  Marine x2  
  46  4:05  SCV  
  46  4:06  Orbital Command  
  46  4:09  SCV  
  48  4:16  Siege Tank  
  50  4:17  SCV  
  50  4:19  Marine x2  
  50  4:21  SCV, Barracks x2  
  50  4:22  Refinery  
  54  4:29  SCV  
  55  4:33  SCV  
  55  4:36  SCV  
  57  4:41  SCV  
  57  4:45  SCV  
  59  4:48  SCV  
  59  4:49  Refinery  
  59  4:51  Marine x2  
  62  4:55  Supply Depot  
  62  4:56  Refinery  
  62  4:57  Siege Tank  
  62  4:58  SCV x2  
  67  5:00  SCV, Bunker  
  68  5:08  Marine  
  68  5:12  Marine  
  68  5:14  Engineering Bay  
  69  5:15  Engineering Bay  
  69  5:16  SCV x3, Barracks Tech Lab x2  
  69  5:20  Supply Depot  
  72  5:29  SCV x2  
  74  5:36  Marauder  
  74  5:37  Stimpack  
  74  5:38  Starport, Marine  
  74  5:41  Marine x2  
  79  5:43  Supply Depot  
  79  5:44  SCV x3, Supply Depot  
  79  5:48  Missile Turret  
  82  5:51  Terran Infantry Weapons Level 1, Terran Infantry Armor Level 1  
  82  5:52  Orbital Command  
  81  5:57  Factory Reactor  
  81  6:02  Marine x2  
  83  6:08  Marauder x2  
  87  6:14  SCV x2, Barracks x2  
  88  6:19  SCV  
  88  6:23  Marine x2  
  91  6:26  SCV  
  91  6:28  SCV  
  91  6:31  SCV  
  94  6:34  Supply Depot, Missile Turret  
  93  6:42  Marine x2  
  93  6:44  Marauder x2  
  99  6:50  Medivac  
  101  6:56  SCV x2  
  101  6:59  Supply Depot  
  101  7:00  Supply Depot  
  103  7:03  SCV  
  103  7:05  Factory Reactor  
  103  7:08  SCV  
  104  7:10  Marine x2  
  104  7:11  Barracks Tech Lab  
  104  7:12  Barracks Reactor, Combat Shields  
  106  7:19  Armory  
  106  7:20  Medivac  
  106  7:22  SCV x2  
  110  7:23  SCV  
  110  7:28  Refinery  
  111  7:31  Refinery  
  111  7:33  Marine  
  111  7:34  SCV x2  
  111  7:35  SCV, Marauder x3  
  120  7:41  Concussive Shells  
  120  7:46  SCV  
  120  7:47  SCV x2, Supply Depot  
  120  7:48  Supply Depot  
  123  7:59  SCV x2, Refinery  
  123  8:04  Factory Reactor  
  125  8:08  Medivac x2  
  125  8:09  Marine x3, Marauder x2  
  125  8:10  SCV, Marauder, Supply Depot x2  
  125  8:11  SCV x2  
  141  8:16  Marine  
  140  8:24  Supply Depot  
  140  8:27  Marine  
  140  8:28  Supply Depot  
  140  8:30  Supply Depot  
  140  8:31  Marine x2  
  140  8:32  Terran Infantry Armor Level 2, Terran Infantry Weapons Level 2, Marauder x2  
  147  8:38  Medivac x2  
  127  8:47  Marine x2  
  127  8:48  Marine  
  119  8:50  SCV x3  
  119  8:53  Liberator, Marauder x2  
  119  8:54  Widow Mine x2, Liberator  
  130  9:00  Bunker  
  130  9:01  Bunker  
  130  9:07  Supply Depot, Missile Turret  
  130  9:08  Marine x4  
  130  9:09  Marauder  
  136  9:14  SCV, Marauder  
  147  9:22  Terran Ship Weapons Level 1  
  147  9:23  Widow Mine x2  
  149  9:28  Marine x4  
  153  9:32  Marauder x2  
  155  9:39  Liberator  
  155  9:41  Barracks  
  155  9:42  Supply Depot, Barracks  
  155  9:43  Barracks  
  155  9:44  Supply Depot  
  83  9:45  Liberator  
  155  9:46  Marine x4  
  155  9:49  Supply Depot  
  155  9:52  Marauder  
  161  9:54  Marauder  
  169  10:11  Command Center  
  159  10:16  Marine x2  
  159  10:17  Marine x2  
  159  10:18  Marauder x2  
  157  10:21  Ghost Academy  
  157  10:22  Liberator  
  157  10:28  Liberator  
  157  10:33  Barracks Tech Lab x2  
  157  10:34  Barracks Reactor  
  157  10:40  Marine x2  
  157  10:41  Marine x2  
  157  10:42  Marauder  
  166  10:44  Marauder  
  166  10:45  Marauder  
  173  10:51  Ghost  
  173  10:53  Sensor Tower  
  171  10:57  Ghost  
  171  10:58  Marine x2  
  158  11:11  Ghost x2  
  158  11:12  Marine  
  158  11:13  Marine  
  159  11:22  Medivac  
  159  11:23  Marauder x2, Marine x3  
  168  11:28  Marauder, Medivac, Marine  
  168  11:32  Marine  
  174  11:37  Marine  
  174  11:41  Marauder x2  
  174  11:44  Marauder  
  180  11:52  Medivac  
  180  11:53  Marauder, Marine x3  
  186  11:58  Medivac  
  186  12:01  Terran Infantry Weapons Level 3  
  187  12:04  Marauder  
  177  12:21  Ghost x2  
  177  12:22  Medivac, Marine x2  
  181  12:25  Planetary Fortress  
  181  12:28  Medivac  
  182  12:31  Marauder x2, Marine  
  182  12:34  Marine  
  182  12:35  Marine  
  176  12:44  Ghost  
  176  12:45  Marine  
  176  12:49  Ghost  
  176  12:50  Marine x2  
  179  12:52  Medivac  
  179  12:58  Medivac  
  169  13:02  Terran Infantry Armor Level 3  
  169  13:05  Marine  
  160  13:06  Marauder  
  160  13:11  Marauder, Marine  
  163  13:14  Marauder, Marine x2  
  163  13:18  Marauder, Marine x2  
  171  13:22  Medivac  
  171  13:23  Marine  
  171  13:24  Marauder  
  176  13:28  Marine, Marauder  
  176  13:32  Marine  
  180  13:35  Marauder, Marine x2  
  180  13:38  Sensor Tower, Liberator x2  
  184  13:50  Marauder, Marine  
  191  13:59  Marauder, Marine  
  191  14:00  Marauder, Marine x2  
  191  14:02  Marauder  
  200  14:14  Command Center  
  200  14:20  Marauder, Marine x2  
  200  14:22  Ghost  
  200  14:23  Marauder, Marine  
  175  14:28  Marauder, Marine x2  
  165  14:31  Marine  
  165  14:32  Marauder  
  165  14:38  Marine x2  
  160  14:40  Widow Mine  
  160  14:41  Marine  
  160  14:42  Marauder  
  160  14:44  Marine  
  163  14:45  Marine  
  163  14:46  Marine  
  163  14:49  Marauder, Marine  
  163  14:52  Marauder  
  161  14:53  Marauder  
  161  14:56  Marine x2  
  161  14:59  Marine  
  160  15:03  Marine, Marauder x2  
  150  15:07  Marine  
  148  15:17  Supply Depot  
  148  15:19  Supply Depot  
  140  15:34  Marine x2  
  140  15:35  Marine  
  125  15:36  Marauder  
  125  15:39  Marauder x3, Marine  
  125  15:41  Marauder  
  124  15:58  Marine  
  124  15:59  Marauder, Marine x2  
  124  16:00  Marine x2  
  124  16:01  Marine x2  
  124  16:03  Marine  
  131  16:12  Missile Turret  
  131  16:19  Marine x2  
  131  16:20  Liberator  
  133  16:25  Supply Depot  
  133  16:29  Supply Depot, Marine  
  133  16:30  Liberator  
  133  16:33  Marine  
  133  16:40  Marine  
  133  16:47  Marine x5  
  133  16:50  Marine x4  
  133  16:53  Marine  
  146  17:02  Marine  
  146  17:03  Liberator  
  146  17:05  Marine x4  
  151  17:13  Liberator  
  151  17:19  Marine x2  
  156  17:24  Marine  
  154  17:32  Marine x3  
  154  17:36  Supply Depot  
  160  17:48  Marine x2  
  160  17:49  Marine x3  
  160  17:50  Liberator  
  162  17:55  Liberator  
  162  17:57  Marine  
  161  17:59  Planetary Fortress  
  161  18:05  Marine x2  
  164  18:15  Marine  
  164  18:16  Marine x3  
  170  18:28  Marine x2  
  165  18:36  Liberator  
  155  18:43  Marine x2  
  155  18:44  Marine  
  155  18:46  Marine x2  
  154  18:52  Marine x4  
  158  18:56  Widow Mine x2  
  154  19:14  Marine x4  
  154  19:15  Marine x2  
  148  19:18  Supply Depot  
  148  19:20  SCV x3  
  148  19:21  Supply Depot  
  151  19:29  Widow Mine x2  
  151  19:31  Marine x7  
  158  19:32  SCV x2  
  157  19:46  Marine  
  157  19:48  Marine x2  
  157  19:50  Marine x2  
  157  19:51  Marine x2  
  158  19:54  Marine x2  
  158  19:57  Widow Mine  
  158  20:05  Marine  
  158  20:06  Marine  
  158  20:09  Widow Mine  
  158  20:13  Medivac  
  156  20:14  Marine x2  
  156  20:20  Marine x2  
  156  20:21  Marine x2  
  154  20:26  Widow Mine  
  139  20:36  Marine  
  139  20:37  Marine  
  139  20:39  Marine x4  
  139  20:40  Marine x4  
  149  20:47  Orbital Command  
  139  20:54  Marine  
  132  20:58  Marine x2  
  132  20:59  Marine x2  
  132  21:01  Marine  
  132  21:02  Marine x3  
  133  21:04  SCV  
  134  21:17  SCV  
  114  21:19  Marine x3  
  114  21:20  Marine  
  114  21:22  Marine  
  114  21:24  Marine x3  
Tags
 
Add a new tag
Caveats
  • Supply blocks, unpowered buildings, or Contaminate may cause inaccurate times.
  • Supply counts are checked every 10 seconds.